Map: Persephone LE

Players

tiagodavi

  • Race: Terran Terran
  • League: Master
  • Spawn Location: 11:00

Millifrill - Winner!

  • Race: Zerg Zerg
  • League: Silver
  • Spawn Location: 7:00

VOD

Have the link to the VOD?

Description

Time

  • Played on: Aug. 5, 2025, 7:20 a.m.
  • Length: 8:57
Show
View Real Time Build Order
Export as new Build Order

tiagodavi Terran 

Build Orders: 2 Factory, Mech 

Get SALT Encoding   

  12  0:00  SCV  
  13  0:12  SCV  
  14  0:18  Supply Depot  
  14  0:24  SCV  
  15  0:39  SCV  
  15  0:41  Barracks  
  16  0:48  Refinery  
  16  0:51  SCV  
  17  1:03  SCV  
  18  1:13  Refinery  
  18  1:18  SCV  
  19  1:30  SCV  
  19  1:32  Reaper  
  21  1:42  Supply Depot  
  21  1:45  Orbital Command  
  21  2:03  Factory  
  21  2:06  Barracks Reactor  
  21  2:24  SCV  
  22  2:36  SCV  
  23  2:39  Command Center  
  23  2:48  SCV  
  24  2:56  Factory  
  24  2:59  Barracks Tech Lab  
  24  3:01  SCV  
  25  3:13  SCV  
  25  3:19  Hellion x2  
  30  3:25  SCV  
  31  3:35  Reaper  
  31  3:40  Supply Depot  
  31  3:41  Supply Depot  
  31  3:46  Armory  
  31  3:51  Hellion, SCV  
  34  3:58  Hellion  
  36  4:04  Refinery  
  37  4:14  Orbital Command  
  37  4:17  Refinery  
  36  4:27  Factory  
  36  4:31  Barracks Tech Lab  
  36  4:38  SCV  
  37  4:49  Siege Tank  
  37  4:50  SCV  
  41  4:56  Hellion x2  
  45  5:02  SCV  
  42  5:18  SCV x2  
  39  5:22  Cyclone  
  39  5:25  Widow Mine x2  
  46  5:30  SCV  
  46  5:31  SCV  
  48  5:42  SCV  
  48  5:43  SCV  
  50  5:55  SCV x2  
  52  5:57  Barracks Tech Lab  
  52  6:01  Cyclone x2  
  60  6:04  Hellion x2  
  60  6:09  Terran Vehicle Weapons Level 1  
  62  6:32  Stimpack  
  62  6:34  Barracks  
  62  6:45  Supply Depot  
  62  6:46  Supply Depot  
  62  6:50  Command Center  
  62  7:01  Supply Depot  
  62  7:06  Marine  
  62  7:18  Command Center  
  62  7:20  Hellion  
  62  7:21  Hellion  
  69  7:22  Cyclone  
  69  7:24  Marine  
  69  7:26  Siege Tank  
  73  7:32  Barracks Reactor  
  73  7:39  Armory  
  73  7:52  Barracks  
  73  7:56  Engineering Bay  
  73  8:23  SCV x2  
  73  8:24  Marine x3  
  84  8:27  Hellion  
  84  8:30  Hellion  
  84  8:31  Supply Depot  
  88  8:35  SCV  
  88  8:36  Barracks  
Show
View Real Time Build Order
Export as new Build Order

Millifrill Zerg - Winner!

Build Orders: Hatch First 

Get SALT Encoding   

  12  0:03  Drone  
  13  0:12  Drone  
  14  0:16  Extractor  
  14  0:17  Drone  
  15  0:37  Hatchery  
  14  0:43  Extractor, Drone  
  15  0:58  Spawning Pool  
  15  1:02  Extractor  
  15  1:03  Drone  
  15  1:16  Overlord  
  15  1:37  Drone x3  
  18  1:46  Extractor  
  17  1:49  Drone  
  17  1:50  Queen  
  17  1:53  Queen  
  22  1:57  Drone  
  23  2:01  Drone  
  23  2:04  Overlord  
  24  2:13  Drone  
  24  2:14  Drone  
  26  2:23  Drone, Roach Warren  
  26  2:33  Drone x2  
  26  2:34  Drone  
  29  2:42  Drone  
  30  2:51  Lair  
  30  2:57  Drone x2  
  30  2:58  Drone  
  33  3:00  Overlord  
  33  3:12  Drone x4  
  36  3:19  Overlord  
  36  3:23  Extractor, Drone  
  36  3:38  Roach x3  
  42  3:53  Glial Reconstitution  
  42  3:59  Drone  
  42  4:00  Extractor x2, Drone x3  
  44  4:25  Hatchery  
  44  4:27  Roach x4  
  44  4:29  Overlord x4  
  51  4:32  Hatchery  
  52  4:52  Roach  
  52  4:53  Roach x5  
  59  5:29  Drone x7  
  59  5:34  Queen x2  
  70  5:36  Drone  
  70  5:39  Drone  
  72  5:44  Drone  
  73  5:54  Drone  
  73  5:55  Drone x3  
  77  6:05  Drone x3  
  77  6:06  Drone  
  77  6:07  Roach  
  77  6:08  Roach x4  
  91  6:15  Queen  
  93  6:19  Queen  
  95  6:37  Overlord x3  
  95  6:43  Hydralisk Den  
  95  6:45  Evolution Chamber  
  95  6:46  Evolution Chamber  
  92  6:49  Infestation Pit  
  92  6:50  Zergling x10  
  92  6:53  Metabolic Boost  
  96  7:00  Roach x4  
  104  7:14  Hydralisk  
  104  7:15  Hydralisk x3  
  112  7:23  Queen  
  112  7:24  Queen  
  116  7:30  Drone  
  116  7:32  Drone  
  116  7:34  Drone x2  
  116  7:36  Grooved Spines  
  120  8:01  Overlord x7  
  120  8:14  Overlord  
  120  8:15  Overlord x2  
  120  8:28  Lurker Den  
  120  8:31  Ravager  
  120  8:32  Ravager x7  
Tags
 
Composition
Mech
Matchup
TvZ
Spawn Locations
Close Positions
Add a new tag
Caveats
  • Supply blocks, unpowered buildings, or Contaminate may cause inaccurate times.
  • Supply counts are checked every 10 seconds.